 Dungeon Crawl Stone Soup version 0.25.1-2-g60ff931df9 (webtiles) character file.

Game seed: 9675724317910631618

256 flotson the Chopper (level 5, -2/42 HPs)
             Began as a Demonspawn Wanderer on Oct 11, 2020.
             Killed by divine providence
             ... invoked by an orc priest
              (17 damage)
             ... on level 6 of the Dungeon.
             The game lasted 00:04:30 (3221 turns).

flotson the Chopper (Demonspawn Wanderer)           Turns: 3221, Time: 00:04:31

Health: -2/42      AC:  5    Str: 11    XL:     5   Next: 92%
Magic:  5/5        EV: 11    Int: 15    God:
Gold:   183        SH:  0    Dex: 13    Spells: 4/4 levels left

rFire    . . .     SeeInvis .   b - +5 club
rCold    . . .     Gourm    .   (no shield)
rNeg     . . .     Faith    .   k - +0 ring mail
rPois    .         Spirit   .   (helmet restricted)
rElec    .         Reflect  .   (no cloak)
rCorr    .         Harm     .   (no gloves)
MR       .....                  (no boots)
Stlth    +.........             (no amulet)
HPRegen  0.14/turn              (no ring)
MPRegen  0.09/turn              (no ring)

@: about to teleport
A: antennae 1, spiny 1
a: no special abilities


You were on level 6 of the Dungeon.
You were not hungry.

You visited 1 branch of the dungeon, and saw 6 of its levels.

You collected 183 gold pieces.

Inventory:

Hand Weapons
 a - a +2 hand axe
 b - a +5 club (weapon)
Missiles
 j - 13 poisoned darts (quivered)
 s - 5 javelins
Armour
 k - a +0 ring mail (worn)
Wands
 g - a wand of clouds (6)
Scrolls
 d - a scroll of random uselessness {unknown}
 i - 10 scrolls of identify {unknown}
 m - a scroll of teleportation
 p - a scroll of enchant armour {unknown}
Potions
 c - 3 potions of curing
 e - a potion of mutation {unknown}
 h - 2 potions of haste
 l - 3 potions of berserk rage {unknown}
 n - a potion of degeneration {unknown}
 o - a potion of lignification
 q - a potion of might {unknown}
 r - a potion of magic {unknown}
 t - a potion of flight {unknown}
Comestibles
 f - 8 rations


   Skills:
 + Level 3.9 Fighting
 + Level 4.3 Axes
 + Level 2.4 Throwing
 + Level 2.5 Armour
 + Level 2.0 Dodging
   Level 1.0 Shields


You had 4 spell levels left.
You didn't know any spells.
Your spell library was empty.

Dungeon Overview and Level Annotations

Branches:
Dungeon (7/15)
 Temple: D:4-7

Altars:
Hepliaklqana
Ru

Shops:
D:6 [


Innate Abilities, Weirdness & Mutations

You have a pair of small antennae on your head.
You are partially covered in sharp spines.


Message History

You see here a poisoned dart.
The shadow imp shouts, "Escape, thou unhinged mumble-news nothing!"
The orc priest shouts!
The orc wizard casts a spell.
The orc wizard blinks!
You see here a bullfrog corpse.
The orc priest mumbles some strange prayers to Beogh against you.
Beogh smites you!
You hear a shout! x2
You see here 3 scrolls labeled DANAELU YRETZI.
The orc priest invokes the aid of Beogh against you.
Beogh smites you!
You hear a shout!
You open the door.
There is an open door here.
As you read the scroll labeled DANAELU YRETZI, it crumbles to dust.
You feel strangely unstable.
It was a scroll of teleportation.
The orc priest calls down the wrath of Beogh upon you.
Beogh smites you!
You die...

.........##.......#
.............∩........# .
#... ........#........#
..##... .................#
.......#+####............#
.......#.................#
.......#.................#
......o#.............#####
......oo.o?5@......###
.....######'#......# .§.
###......# . #......#
########


You could see an orc priest, a shadow imp and 3 orcs.

Vanquished Creatures
  A bullfrog (D:6)
  Jessica (D:2)
  8 adders
  3 worms
  4 dart slugs
  5 leopard geckos
  2 orcs
  4 bats
  5 giant cockroaches
  13 goblins
  7 hobgoblins
  4 jackals (D:1)
  7 frilled lizards
  4 kobolds
  8 rats
76 creatures vanquished.

Notes
Turn   | Place    | Note
-------+----------+-------------------------------------------
     0 | D:1      | flotson the Demonspawn Wanderer began the quest for the
                  | Orb.
     0 | D:1      | flotson set off with the following items: a +2 hand axe, a
                  | potion of lignification, a potion of curing, a +0 robe, a
                  | ration
     0 | D:1      | Reached XP level 1. HP: 18/18 MP: 1/1
   112 | D:1      | Gained mutation: You are partially covered in sharp spines.
                  | [demonic ancestry]
   112 | D:1      | Reached XP level 2. HP: 14/24 MP: 2/2
   649 | D:1      | Gained mutation: You have a pair of small antennae on your
                  | head. [demonic ancestry]
   649 | D:1      | Reached XP level 3. HP: 29/29 MP: 3/3
   728 | D:1      | Reached skill level 1 in Dodging
  1110 | D:2      | Found a sacrificial altar of Ru.
  1357 | D:2      | Reached XP level 4. HP: 33/35 MP: 4/4
  1362 | D:2      | Reached skill level 4 in Axes
  1390 | D:2      | Noticed Jessica
  1399 | D:2      | Killed Jessica
  2140 | D:3      | Reached XP level 5. HP: 42/42 MP: 5/5
  2713 | D:3      | Found a hazy altar of Hepliaklqana.
  3150 | D:4      | You fall into a shaft and drop 3 floors!
  3150 | D:7      | Noticed a black bear
  3193 | D:6      | Found Jarooseg's Antique Armour Boutique.
  3221 | D:6      | Killed from afar by an orc priest

Illustrated notes

Levels and vault maps discovered:
D:1:      lightli_arrival_statue_moat, layout_basic
D:2:      layout_loops_corners, nicolae_ru_awakened_eye, kennysheep_cross_room,
          eino_curves_01, kennysheep_generic_room_6, uniq_jessica
D:3:      layout_loops_corners, nicolae_overflow_crystal_walls
D:4:      layout_rooms, old_standard_altar, kennysheep_slug_shrine,
          nicolae_ossuary_entry_catacombs, uniq_blork_the_orc, uniq_natasha,
          uniq_menkaure, uniq_sigmund, uniq_grinder, uniq_edmund
D:6:      layout_basic, old_standard_altar, serial_shops, shop, minivault_19
D:7:      layout_cave_pods, grunt_temple_overflow_open, basic_altar

Skill      XL: |  1  2  3  4  5 |
---------------+----------------+-----
Dodging        | 1 2 |  2.0
Axes           | 4 |  4.3
Armour         | 2 |  2.5
Throwing       | 2 |  2.4
Fighting       | |  3.9
Shields        | |  1.0

Action                   |  1- 3 |  4- 6 || total
-------------------------+-------+-------++-------
Melee: Hand axe          |    74 |    10 ||    84
       Club              |       |    70 ||    70
Throw: Dart              |       |     1 ||     1
  Use: Scroll            |       |     1 ||     1
  Eat: Chunk             |     1 |     6 ||     7
Armor: Robe              |     9 |       ||     9
       Ring mail         |    11 |    27 ||    38
Dodge: Dodged            |    34 |    38 ||    72
